 Dungeon Crawl Stone Soup version 0.23.2-1-ga50397a (webtiles) character file.

Game seed: 202222978382692869

709 TrebMcFLY the Chopper (level 7, -2/61 HPs)
             Began as a Minotaur Fighter on May 26, 2019.
             Slain by a two-headed ogre
             ... wielding a +0 dire flail
              (10 damage)
             ... on level 5 of the Dungeon.
             The game lasted 00:15:11 (4366 turns).

TrebMcFLY the Chopper (Minotaur Fighter)            Turns: 4366, Time: 00:15:12

Health: -2/61      AC: 11    Str: 23    XL:     7   Next: 40%
Magic:  6/6        EV:  6    Int:  5    God:
Gold:   210        SH: 11    Dex:  9    Spells: 6/6 levels left

rFire    . . .     SeeInvis .   a - +0 war axe
rCold    . . .     Gourm    .   c - +1 shield
rNeg     . . .     Faith    .   e - +0 chain mail
rPois    .         Spirit   .   (helmet restricted)
rElec    .         Reflect  .   p - +0 cloak
rCorr    .         Harm     .   (no gloves)
MR       .....                  (no boots)
Stlth    ..........             k - amulet of rage
HPRegen  0.20/turn              (no ring)
MPRegen  0.10/turn              (no ring)

@: no status effects
A: retaliatory headbutt, horns 2
a: Evoke Berserk Rage


You were on level 5 of the Dungeon.
You were not hungry.

You visited 1 branch of the dungeon, and saw 5 of its levels.
You also visited: Sewer.

You collected 210 gold pieces.

Inventory:

Hand Weapons
 a - a +0 war axe (weapon)
 t - a cursed -3 quarterstaff
 u - a +0 arbalest
 w - a +0 blowgun
Missiles
 x - 16 poisoned needles
Armour
 c - a +1 shield (worn)
 e - a +0 chain mail (worn)
 p - a +0 cloak (worn)
Jewellery
 k - an amulet of rage (around neck)
Wands
 i - a wand of random effects (26)
Scrolls
 g - a scroll of enchant weapon {unknown}
 h - 3 scrolls of identify
 j - a scroll of blinking {unknown}
 s - 2 scrolls of teleportation {unknown}
 B - a scroll of fog
 C - a scroll of magic mapping
Potions
 d - a potion of might
 l - a potion of cancellation {unknown}
 m - a potion of lignification {unknown}
 n - 2 potions of brilliance {unknown}
 r - 2 potions of curing {unknown}
 A - a potion of magic {unknown}
Miscellaneous
 o - a crystal ball of energy
Comestibles
 b - a chunk of flesh
 f - 6 rations


   Skills:
 + Level 5.5 Fighting
 * Level 6.6 Axes
 + Level 5.6 Armour
 + Level 5.7 Shields
 + Level 0.4 Evocations


You had 6 spell levels left.
You didn't know any spells.
Your spell library contained the following spells:

 Spells                   Type           Power        Failure   Level  Hunger
 Summon Small Mammal      Summ           #...         100%        1    ##.....
 Call Imp                 Summ           #.......     100%        2    ###....
 Call Canine Familiar     Summ           #.......     100%        3    ####...
 Summon Guardian Golem    Hex/Summ       #.......     100%        3    ####...
 Summon Ice Beast         Ice/Summ       #.......     100%        4    #####..
 Summon Lightning Spire   Summ/Air       #.......     100%        4    #####..


Dungeon Overview and Level Annotations

Branches:
Dungeon (5/15)
 Temple: D:4-7

Altars:


Innate Abilities, Weirdness & Mutations

You reflexively headbutt those who attack you in melee.
You have a pair of horns on your head.


Message History

You fail to use your ability.
You block the adder's attack.
You fail to use your ability.
The two-headed ogre hits you with a +0 dire flail!
You block the two-headed ogre's attack. The adder bites you but does no damage.
You fail to use your ability.
The adder bites you but does no damage.
The two-headed ogre hits you with a +0 dire flail!!
* * * LOW HITPOINT WARNING * * *
The two-headed ogre hits you but does no damage.
You barely miss the two-headed ogre. You barely miss the adder.
The adder bites you but does no damage.
The two-headed ogre hits you but does no damage.
You block the two-headed ogre's attack. The adder bites you.
* * * LOW HITPOINT WARNING * * *
Unknown command.
You slash the two-headed ogre!
The two-headed ogre is moderately wounded.
You closely miss the adder. The adder closely misses you.
You block the two-headed ogre's attack.
The two-headed ogre hits you with a +0 giant club!
You die...

#.####.##### ..#.
##......#
#.#.##.......##
.............#
...........<#
...........#
..........#
#.........#
#@S...[...#
#.O.........#
..............#
.....^.....#.#$.#
..............#
...
....#...........
.. .....
#........ ## #
...... ........#.


You could see a two-headed ogre and an adder.

Vanquished Creatures
  A phantom (D:4)
  An ogre (D:4)
  2 bullfrogs (Sewer)
  An orc priest (D:3)
  4 orc wizards
  2 worker ants (D:4)
  7 adders
  A river rat (D:3)
  An ooze (D:3)
  6 worms
  8 leopard geckos
  22 orcs
  5 ball pythons
  9 giant cockroaches
  5 goblins
  3 hobgoblins
  6 jackals
  12 kobolds
  A quokka (D:2)
  9 bats
  8 frilled lizards
  A jackal skeleton (D:3)
  5 rats
120 creatures vanquished.

Notes
Turn   | Place    | Note
-------+----------+-------------------------------------------
     0 | D:1      | TrebMcFLY the Minotaur Fighter began the quest for the Orb.
     0 | D:1      | Reached XP level 1. HP: 19/19 MP: 0/0
    92 | D:1      | You fall through a shaft!
   119 | D:2      | Reached XP level 2. HP: 27/27 MP: 1/1
   185 | D:2      | Reached skill level 3 in Axes
   221 | D:2      | Reached XP level 3. HP: 25/33 MP: 2/2
   914 | D:2      | Reached XP level 4. HP: 40/40 MP: 3/3
  1940 | D:3      | Reached skill level 4 in Axes
  1995 | D:3      | Found a glowing drain.
  2004 | D:3      | Reached XP level 5. HP: 38/47 MP: 4/4
  2013 | Sewer    | Entered a sewer
  2298 | Sewer    | Reached skill level 5 in Axes
  2298 | Sewer    | Reached skill level 5 in Armour
  2298 | Sewer    | Reached skill level 5 in Shields
  2298 | Sewer    | Reached XP level 6. HP: 36/55 MP: 5/5
  2980 | D:3      | Reached skill level 5 in Fighting
  3883 | D:4      | Reached skill level 6 in Axes
  3883 | D:4      | Reached XP level 7. HP: 43/61 MP: 6/6
  4246 | D:5      | Entered Level 5 of the Dungeon
  4265 | D:5      | Noticed a two-headed ogre
  4366 | D:5      | Slain by a two-headed ogre

Skill      XL: |  1  2  3  4  5  6 |
---------------+-------------------+-----
Axes           | 3 4 5 6 |  6.6
Fighting       | 4 5 |  5.5
Armour         | 4 5 |  5.6
Shields        | 4 5 |  5.7
Evocations     | |  0.4

Action                   |  1- 3 |  4- 6 |  7- 9 || total
-------------------------+-------+-------+-------++-------
Melee: War axe           |    63 |   182 |    58 ||   303
       Headbutt          |     6 |    32 |    10 ||    48
  Use: Scroll            |       |     3 |     4 ||     7
  Eat: Chunk             |       |    10 |     2 ||    12
Armor: Chain mail        |    23 |   113 |    38 ||   174
       Scale mail        |     1 |       |       ||     1
Dodge: Dodged            |    11 |    41 |    10 ||    62
Block: Shield            |    35 |   107 |    32 ||   174
